 Dungeon Crawl Stone Soup version 0.31.0-11-ge490571c62 (webtiles) character file.

Game seed: 15210376420652378643

718 Arcadio the Poker (level 7, 0/57 HPs)
             Began as a Merfolk Gladiator on Jan 30, 2024.
             Slain by an orc warrior
             ... wielding a +0 battleaxe
              (5 damage)
             ... on level 5 of the Dungeon.
             The game lasted 00:06:24 (4484 turns).

Arcadio the Poker (Merfolk Gladiator)               Turns: 4484, Time: 00:06:24

Health: 0/57       AC: 13    Str: 16    XL:     7   Next: 70%
Magic:  7/7        EV:  9    Int:  7    God:
Gold:   173        SH:  4    Dex: 16    Spells: 6/6 levels left

rFire   . . .        a - +0 trident
rCold   . . .        r - +0 buckler
rNeg    + . .        m - +2 chain mail of Oily Awe {rN+}
rPois   .            c - +0 helmet
rElec   .            j - +0 cloak
rCorr   .            w - +0 pair of gloves
SInv    .            (no boots)
Will    .....        (no amulet) Stlth
                     (no ring)
HPRegen 0.29/turn    (no ring)
MPRegen 0.10/turn

%: no passive effects
@: mighty
A: (nimble swimmer 2), mertail
a: no special abilities


You were on level 5 of the Dungeon.
You visited 1 branch of the dungeon, and saw 5 of its levels.

You collected 173 gold pieces.

Inventory:

Hand Weapons
 a - a +0 trident (weapon)
Missiles
 d - 3 throwing nets (quivered)
 e - 7 javelins
Armour
 b - a +0 leather armour
 c - a +0 helmet (worn)
 i - a +0 ring mail
 j - a +0 cloak (worn)
 m - the +2 chain mail of Oily Awe (worn) {rN+}
   (You found it on level 2 of the Dungeon)

   rN+:       It protects you from negative energy.
 r - a +0 buckler (worn)
 t - the +3 leather armour of Twilight {rPois}
   (You found it on level 4 of the Dungeon)

   rPois:     It protects you from poison
 w - a +0 pair of gloves (worn)
Jewellery
 v - a ring of protection from fire
Wands
 q - a wand of light (9)
Scrolls
 f - 2 scrolls of enchant armour {unknown}
 k - 5 scrolls of identify {unknown}
 n - a scroll of vulnerability {unknown}
 o - a scroll of torment {unknown}
 p - a scroll of revelation {unknown}
 u - a scroll of immolation {unknown}
Potions
 h - a potion of invisibility {unknown}
 l - a potion of attraction {unknown}
 s - a potion of mutation {unknown}
 x - a potion of haste {unknown}
 z - a potion of degeneration {unknown}


   Skills:
 + Level 5.6 Fighting
 + Level 7.3 Polearms
 - Level 2.0 Throwing
 + Level 7.3 Dodging


You had 6 spell levels left.
You didn't know any spells.
Your spell library contained the following spells:

 Spells                   Type           Power      Damage    Failure   Level
 Magic Dart               Conj           0%         1d3       100%        1
 Blink                    Tloc           0%         N/A       100%        2
 Call Imp                 Summ           0%         N/A       100%        2
 Ensorcelled Hibernation  Hex/Ice        0%         N/A       100%        2
 Scorch                   Fire           0%         2d5       100%        2
 Passwall                 Erth           0%         N/A       100%        3
 Swiftness                Air            0%         N/A       100%        3
 Volatile Blastmotes      Fire/Tloc      0%         2d10      100%        3
 Flame Wave               Conj/Fire      0%         2d4       100%        4
 Fulminant Prism          Conj/Alch      0%         3d5       100%        4
 Iskenderun's Mystic Bla  Conj/Tloc      0%         2d3       100%        4
 Summon Cactus Giant      Summ           0%         N/A       100%        6


Dungeon Overview and Level Annotations

Branches:
Dungeon (5/15)
 Temple: D:4-7

Altars:


Innate Abilities, Weirdness & Mutations

((You are very nimble when in or above water. (Stealth+, EV+, Speed+++)))
Your lower body shifts to a powerful aquatic tail in water.


Message History

The orc warrior is moderately wounded.
The orc warrior hits you but does no damage.
You barely miss the orc warrior.
The orc warrior is moderately wounded.
The orc warrior barely misses you.
You hit the orc warrior but do no damage.
The orc warrior is moderately wounded.
The orc warrior hits you with a +0 battleaxe.
You closely miss the orc warrior.
The orc warrior is moderately wounded.
The orc warrior hits you with a +0 battleaxe!
You hit the orc warrior but do no damage.
The orc warrior is moderately wounded.
The orc warrior hits you with a +0 battleaxe.
You hit the orc warrior.
The orc warrior is heavily wounded.
You block the orc warrior's attack.
You completely miss the orc warrior.
The orc warrior is heavily wounded.
The orc warrior hits you with a +0 battleaxe.
You closely miss the orc warrior.
The orc warrior is heavily wounded.
The orc warrior barely misses you.
You closely miss the orc warrior.
The orc warrior is heavily wounded.
The orc warrior barely misses you.
You barely miss the orc warrior.
The orc warrior is heavily wounded.
The orc warrior hits you with a +0 battleaxe!
* * * LOW HITPOINT WARNING * * *
It was a potion of might.
You feel very mighty all of a sudden.
The orc warrior hits you but does no damage.
You barely miss the orc warrior.
The orc warrior is heavily wounded.
The orc warrior misses you.
You closely miss the orc warrior.
The orc warrior is heavily wounded.
The orc warrior hits you with a +0 battleaxe.
You die...

.####'## #)# ####...##
###)### ###.....##
##.....# ##...†...##
##..#.#.#
#.........####.....#.###.
+.........'...............
#.........####.......#.###
##.................(...#
##......#######@####..# #
##.....# #..o..# ..# #
##+##)# #..#..## ## #
#.#..# #.8..## # #.#..#
..# 8.# #####.#..###. ...#
..........## ....
#.#......#.# .##..
..##...#.##..


You could see an orc warrior.

Vanquished Creatures
  Sigmund (D:2)
  2 ogres
  A phantom (D:5)
  A howler monkey (D:4)
  2 orc priests
  A bombardier beetle (D:5)
  Natasha (thrice) (D:4)
  An orc wizard (D:5)
  4 adders
  2 ribbon worms
  A dart slug (D:2)
  7 orcs
  6 ball pythons
  4 bats
  5 endoplasms
  4 giant cockroaches
  5 goblins
  3 hobgoblins
  8 kobolds
  4 quokkas
  2 frilled lizards
  5 rats
72 creatures vanquished.

Notes
Turn   | Place    | Note
-------+----------+-------------------------------------------
     0 | D:1      | Arcadio the Merfolk Gladiator began the quest for the Orb.
     0 | D:1      | Reached XP level 1. HP: 16/16 MP: 1/1
   296 | D:1      | Reached XP level 2. HP: 21/23 MP: 2/2
  1044 | D:1      | Reached XP level 3. HP: 28/28 MP: 3/3
  1151 | D:2      | Identified the +2 chain mail of Oily Awe {rN+}
  1578 | D:2      | Reached XP level 4. HP: 35/35 MP: 4/4
  1583 | D:2      | Noticed Sigmund
  1619 | D:2      | Killed Sigmund
  1620 | D:2      | Reached skill level 5 in Polearms
  1620 | D:2      | Reached skill level 5 in Dodging
  1620 | D:2      | Reached XP level 5. HP: 23/42 MP: 5/5
  2082 | D:3      | Reached XP level 6. HP: 46/48 MP: 6/6
  2574 | D:3      | Found a faded altar of an unknown god.
  3061 | D:4      | Noticed Natasha
  3071 | D:4      | Killed Natasha
  3081 | D:4      | Identified the +3 leather armour of Twilight {rPois}
  3229 | D:4      | Noticed Natasha
  3244 | D:4      | Killed Natasha
  3384 | D:4      | Reached XP level 7. HP: 45/55 MP: 7/7
  3405 | D:4      | Noticed Natasha
  3425 | D:4      | Killed Natasha
  3426 | D:4      | Reached skill level 5 in Fighting
  4070 | D:5      | Entered Level 5 of the Dungeon
  4484 | D:5      | Slain by an orc warrior

Illustrated notes

Levels and vault maps discovered:
D:1:      roderic_lyre, layout_basic, nicolae_hexahallways,
          minmay_tiny_reverse_x
D:2:      layout_basic, uniq_sigmund
D:3:      cheibrodos_pilgrimage, layout_basic,
          dreamdust_ecumenical_altar_hidden_monk_grotto
D:4:      layout_cave_pods, serial_bayou, serial_bayou_shore_b,
          serial_bayou_lagoon_b, serial_bayou_lagoon_a, serial_bayou_shore_a,
          uniq_natasha
D:5:      layout_loops_corners, fedhas_bush_and_centaur_altar,
          minmay_temple_entry_tees, kb_lookout_dungeons_type,
          guppyfry_early_orc_mine

Skill      XL: |  1  2  3  4  5  6  7 |
---------------+----------------------+-----
Fighting       | 3 4 5 |  5.6
Polearms       | 5 6 7 |  7.3
Dodging        | 5 6 7 |  7.3
Throwing       | |  2.0

Action                     |  1- 3 |  4- 6 |  7- 9 || total
---------------------------+-------+-------+-------++-------
  Melee: Trident           |   118 |   116 |    92 ||   326
         Tailslap          |       |     2 |     1 ||     3
    Use: Potion            |       |       |     1 ||     1
 Armour: Leather armour    |     9 |       |       ||     9
         Ring mail         |    27 |       |       ||    27
         Chain mail        |    38 |    50 |    52 ||   140
  Dodge: Dodged            |    52 |    39 |    24 ||   115
  Block: Buckler           |       |     7 |    22 ||    29
